 Dungeon Crawl Stone Soup version 0.24-a0-760-g74cc3ae (webtiles) character file.

Game seed: 8107209143439180469, levelgen mode: deterministic

425 scarywalker64 the Digger (level 6, -2/47 HPs)
             Began as a Demigod Earth Elementalist on Oct 3, 2019.
             Slain by Pikel
             ... wielding a +2 whip of flaming
              (5 damage)
             ... on level 3 of the Dungeon.
             The game lasted 00:09:40 (3705 turns).

scarywalker64 the Digger (DgEE)                     Turns: 3705, Time: 00:09:41

Health: -2/47      AC:  6    Str: 15    XL:     6   Next: 37%
Magic:  12/14      EV: 13    Int: 19    God:
Gold:   164        SH:  0    Dex: 16    Spells: 6/12 levels left

rFire    . . .     SeeInvis .   j - +0 short sword
rCold    . . .     Gourm    .   (no shield)
rNeg     . . .     Faith    .   c - +1 robe
rPois    .         Spirit   .   (no helmet)
rElec    .         Reflect  .   (no cloak)
rCorr    .         Harm     .   (no gloves)
MR       .....                  (no boots)
Stlth    ++........             (no amulet)
HPRegen  0.15/turn              l - +3 ring of protection
MPRegen  0.14/turn              (no ring)

@: very slightly contaminated
A: high mp 1
a: no special abilities


You were on level 3 of the Dungeon.
You were not hungry.

You visited 1 branch of the dungeon, and saw 4 of its levels.

You collected 164 gold pieces.

Inventory:

Hand Weapons
 h - a +0 hunting sling
 j - a +0 short sword (weapon)
Missiles
 e - 73 bolts
 k - 23 poisoned darts (quivered)
Armour
 c - a +1 robe (worn)
Jewellery
 l - a +3 ring of protection (left hand)
Scrolls
 g - a scroll of teleportation
 i - 2 scrolls of remove curse
Potions
 a - a potion of curing
Comestibles
 d - 3 rations
 f - 7 chunks of flesh


   Skills:
 * Level 1.5 Fighting
 + Level 1.5 Short Blades
   Level 0.2 Maces & Flails
 + Level 2.3 Dodging
 - Level 2.0 Stealth
 * Level 3.8 Spellcasting
 + Level 0.8 Transmutations
 * Level 4.6 Earth Magic


You had 6 spell levels left.
You knew the following spells:

 Your Spells              Type           Power        Failure   Level  Hunger
a - Sandblast             Erth           ###...       2%          1    None
b - Stone Arrow           Conj/Erth      ##....       16%         3    ###....
c - Passwall              Tmut/Erth      ##......     7%          2    ##.....

Your spell library contained the following spells:

 Spells                   Type           Power        Failure   Level  Hunger
 Petrify                  Tmut/Erth      ##......     41%         4    ####...
 Lee's Rapid Deconstruct  Erth           ###.......   52%         5    ######.


Dungeon Overview and Level Annotations

Branches:
Dungeon (4/15)             Temple (0/1) D:4

Annotations:
D:3 3 runed translucent doors, Beastboi404's ghost, weakling CeFi; Pikel; Tonbert's ghost, novice HuFi; Wuag's ghost, amateur DrTm; frogmoss10's ghost, amateur NaAs; indyram44's ghost, amateur MiBe


Innate Abilities, Weirdness & Mutations

You have an increased reservoir of magic. (+10% MP)


Message History

Press: ? - help, Shift-Dir - straight line, f/p - Pikel
Aim: Pikel, wielding a +2 whip of flaming and wearing a +0 robe (severely wounded)
The blast of sand hits Pikel!
Pikel is almost dead.
b - a stone Pikel hits you with a +2 whip of flaming.
* * * LOW HITPOINT WARNING * * *
Pikel burns you.
* * * LOW HITPOINT WARNING * * *
Unknown command.
Casting: Sandblast (safe; 2% risk of failure)
Confirm with . or Enter, or press ? or * to list all spells.
Aiming: Sandblast (safe; 2% risk of failure)
Press: ? - help, Shift-Dir - straight line, f/p - Pikel
Aim: Pikel, wielding a +2 whip of flaming and wearing a +0 robe (almost dead)
The blast of sand misses Pikel.
You now have no stones remaining.
Beastboi404's ghost wails, "What do you have that I didn't have?"
Pikel cracks his whip.
Pikel hits you with a +2 whip of flaming.
You die...

#....## #........ #####
#...##$/8($##........ #...##
##..##8.....8##.......
#....####...#)........#....[..
###....##.###........=#.......
#######........#8W......8#.......
....##..#.#..###WWWW....!#.......
...)...##......####+++####.....>.
....#######.....@.......#........
.)..### ######..K÷.......#.......
......# #.........#.####..^.....#
#####.###.......#.....####...####
# #...........###...######.#### #
###..........# ##....# #...## #
#...##.......# ##..#.######..# #
##.####.......###.......# ##..
###<.# #..>.......).)....# ###


You could see Pikel, Beastboi404's ghost, Wuag's ghost, frogmoss10's ghost and
indyram44's ghost.

Vanquished Creatures
  Sigmund (D:2)
  2 hounds
  A jelly (D:3)
  An orc priest (D:3)
  A worker ant (D:4)
  4 adders
  A worm (D:3)
  4 leopard geckos
  10 orcs
  2 ball pythons
  6 bats
  3 giant cockroaches
  5 goblins
  10 hobgoblins
  6 jackals
  7 frilled lizards
  12 kobolds
  11 rats
87 creatures vanquished.

Notes
Turn   | Place    | Note
-------+----------+-------------------------------------------
     0 | D:1      | scarywalker64 the Demigod Earth Elementalist began the
                  | quest for the Orb.
     0 | D:1      | Reached XP level 1. HP: 14/14 MP: 5/5
    97 | D:1      | Reached skill level 3 in Earth Magic
   244 | D:1      | Reached XP level 2. HP: 20/20 MP: 5/7
   941 | D:2      | Noticed Sigmund
  1048 | D:2      | Reached XP level 3. HP: 7/26 MP: 9/9
  1318 | D:2      | Found an opulent altar of Gozag.
  1554 | D:2      | Learned a level 3 spell: Stone Arrow
  1557 | D:2      | Learned a level 2 spell: Passwall
  1808 | D:2      | Killed Sigmund
  1808 | D:2      | Reached skill level 1 in Fighting
  1808 | D:2      | Reached skill level 1 in Short Blades
  1808 | D:2      | Reached XP level 4. HP: 8/35 MP: 4/12
  1808 | D:2      | Reached XP level 5. HP: 9/40 MP: 4/13
  2406 | D:3      | Reached skill level 4 in Earth Magic
  2651 | D:3      | Found a runed translucent gate.
  2664 | D:3      | Found a runed translucent gate.
  2664 | D:3      | Found a runed translucent gate.
  2664 | D:3      | Noticed Beastboi404's ghost (weakling CeFi)
  2664 | D:3      | Noticed Tonbert's ghost (novice HuFi)
  2665 | D:3      | Noticed frogmoss10's ghost (amateur NaAs)
  2665 | D:3      | Noticed Wuag's ghost (amateur DrTm)
  2666 | D:3      | Noticed indyram44's ghost (amateur MiBe)
  2676 | D:3      | Found a stormy altar of Qazlal.
  3276 | D:3      | Reached XP level 6. HP: 44/47 MP: 11/14
  3367 | D:3      | Found a shadowy altar of Dithmenos.
  3433 | D:3      | Found a shimmering blue altar of Sif Muna.
  3537 | D:4      | Found a staircase to the Ecumenical Temple.
  3676 | D:4      | Noticed Pikel
  3705 | D:3      | Slain by Pikel

Levels and vault maps discovered:
D:1:      nzn_arrival_crosshair, layout_loops_ring
D:2:      layout_loops_ring, grunt_gozag_breadcrumbs, serial_aquarium,
          aquarium_bridge_straight [aquarium_subvault_bridge,
          aquarium_subvault_wall, aquarium_subvault_bridge,
          aquarium_subvault_wall], aquarium_window_2, aquarium_window_1,
          aquarium_view_2f, uniq_sigmund
D:3:      layout_rooms, marbit_many_paths, overflow_temple_1_default,
          nicolae_dithmenos_through_a_glass_darkly, gammafunk_ghost_cemetery
D:4:      layout_rooms, kennysheep_vampire_church, minmay_temple_entry_tees,
          uniq_pikel, uniq_duvessa

Skill      XL: |  1  2  3  4  5 |
---------------+----------------+-----
Earth Magic    | 3 4 |  4.6
Spellcasting   | 2 3 |  3.8
Stealth        | 2 |  2.0
Fighting       | 1 |  1.5
Short Blades   | 1 |  1.5
Dodging        | 2 |  2.3
Maces & Flails | |  0.2
Transmutations | |  0.8

Action                   |  1- 3 |  4- 6 || total
-------------------------+-------+-------++-------
Melee: Whip              |    60 |       ||    60
       Unarmed           |     1 |       ||     1
       Short sword       |    30 |   127 ||   157
 Cast: Sandblast         |    40 |    50 ||    90
       Stone Arrow       |       |     2 ||     2
  Use: Scroll            |     4 |     1 ||     5
       Potion            |     1 |     2 ||     3
 Stab: Sleeping          |     3 |     3 ||     6
  Eat: Chunk             |     3 |     3 ||     6
       Ration            |       |     1 ||     1
Armor: Robe              |    19 |    37 ||    56
Dodge: Dodged            |    75 |   127 ||   202

Table legend:
 A = Non-vault XP
 B = Vault XP
 C = Vault XP percentage of total XP
 D = Non-vault monster count
 E = Vault monster count
 F = Vault count percentage of total count
                 A         B        C        D         E       F
            +---------+---------+-------+---------+---------+-------
      Total |     394 |     214 |  35.2 |      85 |       2 |   2.3
            +---------+---------+-------+---------+---------+-------
        D:1 |      40 |       0 |   0.0 |      25 |       0 |   0.0
        D:2 |      67 |     212 |  76.0 |      23 |       1 |   4.2
        D:3 |     195 |       2 |   1.0 |      29 |       1 |   3.3
        D:4 |      92 |       0 |   0.0 |       8 |       0 |   0.0
            +---------+---------+-------+---------+---------+-------
